 Dungeon Crawl Stone Soup version 0.27.0-1-g7a08968 (webtiles) character file.

Game seed: 9737146880534400988

19 BALLS the Shield-Bearer (level 2, -2/16 HPs)
             Began as a Vine Stalker Fighter on Jan 20, 2022.
             Slain by Robin (3 damage)
             ... on level 2 of the Dungeon.
             The game lasted 00:01:35 (1040 turns).

BALLS the Shield-Bearer (Vine Stalker Fighter)      Turns: 1040, Time: 00:01:36

Health: -2/16      AC:  6    Str: 18    XL:     2   Next: 75%
Magic:  0/3        EV:  7    Int:  8    God:
Gold:   19         SH:  9    Dex: 13    Spells: 1/1 levels left

rFire    . . .     SeeInvis .   a - +0 long sword
rCold    . . .     Faith    .   c - +0 kite shield
rNeg     . . .     Spirit   +   b - +0 scale mail
rPois    .         Reflect  .   (no helmet)
rElec    .         Harm     .   (no cloak)
rCorr    .         Rampage  .   (no gloves)
Will     .....                  (no boots)
Stlth    ..........             (no amulet)
HPRegen  0.05/turn              (no ring)
MPRegen  0.08/turn              (no ring)

@: no status effects
A: fangs 2, magic shield, antimagic bite, no potion heal 2
a: no special abilities


You were on level 2 of the Dungeon.
You visited 1 branch of the dungeon, and saw 2 of its levels.

You collected 19 gold pieces.

Inventory:

Hand Weapons
 a - a +0 long sword (weapon)
Armour
 b - a +0 scale mail (worn)
 c - a +0 kite shield (worn)
Scrolls
 g - a scroll of magic mapping {unknown}
 i - a scroll of identify {unknown}
 j - a scroll of immolation {unknown}
Potions
 d - a potion of might
 e - 3 potions of curing {unknown}
 f - a potion of haste {unknown}
 h - a potion of invisibility {unknown}


   Skills:
 - Level 2.6 Fighting
 + Level 2.1(2.4) Short Blades
 - Level 1.7(2.2) Long Blades
 - Level 2.4 Armour
 - Level 2.6 Shields


You had one spell level left.
You didn't know any spells.
Your spell library contained the following spells:

 Spells                   Type           Power      Damage    Failure   Level
 Corona                   Hex            0%         N/A       100%        1
 Ensorcelled Hibernation  Hex/Ice        0%         N/A       100%        2
 Tukima's Dance           Hex            0%         N/A       100%        3


Dungeon Overview and Level Annotations

Branches:
Dungeon (2/15)

Altars:

Annotations:
D:2 Robin


Innate Abilities, Weirdness & Mutations

You have extremely sharp teeth.
When hurt, damage is shared between your health and your magic reserves.
Your bite disrupts and absorbs the magic of your enemies.
Potions cannot restore your health.


Message History

You kill the hobgoblin!
Robin of the Strong Arm comes into view.
They are wielding a +0 whip.
Robin shouts!
Robin roars a battlecry!
You hear a shout!
Items here: )) ††.
A goblin comes into view. It is wielding a +0 club.
The goblin shouts!
A hobgoblin comes into view.
You barely miss Robin. You bite Robin. You drain their power.
Robin is lightly wounded.
Robin hits you with a +0 whip.
You hit Robin. Your bite misses Robin.
Robin is moderately wounded.
A hobgoblin comes into view.
Robin hits you with a +0 whip. x2
You closely miss Robin.
The hobgoblin shouts!
You bite Robin. You drain their power.
You feel invigorated.
Robin is heavily wounded.
You block Robin's attack.
You hit Robin.
Robin is heavily wounded.
Robin throws the goblin at you! The goblin hits you with a +0 club.
Robin hits you but does no damage.
You hit Robin. Your bite misses Robin.
Robin is severely wounded.
You block the goblin's attack. Robin hits you with a +0 whip.
* * * LOW HITPOINT WARNING * * *
You block the goblin's attack.
You closely miss the goblin. You bite the goblin. You drain its power.
You feel invigorated.
The goblin is severely wounded.
Robin hits you with a +0 whip.
* * * LOW HITPOINT WARNING * * *
The goblin hits you but does no damage. You block Robin's attack.
You miss the goblin. Your bite misses the goblin.
The goblin is severely wounded.
You block the goblin's attack. Robin hits you with a +0 whip.
You die...

## #. #.
###############
#.
....ggg@g)....#
#.
#############.#
#. #.# #. #.#
#######. #.#
#....... #.#
#.......
######.###.......
#................
+................


You could see Robin, 2 hobgoblins and a goblin (strong).

Vanquished Creatures
  3 endoplasms (D:1)
  A giant cockroach (D:1)
  3 goblins
  A hobgoblin (D:2)
  A quokka (D:1)
  3 ball pythons (D:1)
  2 bats (D:1)
  4 kobolds (D:1)
18 creatures vanquished.

Notes
Turn   | Place    | Note
-------+----------+-------------------------------------------
     0 | D:1      | BALLS the Vine Stalker Fighter began the quest for the Orb.
     0 | D:1      | Reached XP level 1. HP: 11/11 MP: 2/2
   117 | D:1      | Reached skill level 1 in Short Blades
   198 | D:1      | Reached XP level 2. HP: 14/16 MP: 1/3
   547 | D:1      | Found a faded altar of an unknown god.
  1030 | D:2      | Noticed Robin
  1040 | D:2      | Slain by Robin

Illustrated notes

Levels and vault maps discovered:
D:1:      saegor_arrival_simple_b, layout_loops_ring,
          shapermc_ecumenical_altar_pompeii
D:2:      layout_basic, basic_altar, eino_tiny_chamber, uniq_jessica,
          uniq_robin, uniq_crazy_yiuf_cottage

Skill      XL: |  1  2 |
---------------+-------+-----
Short Blades   | 1 2 |  2.1
Fighting       | |  2.6
Long Blades    | |  1.7
Armour         | |  2.4
Shields        | |  2.6

Action                   || total
-------------------------++-------
Melee: Long sword        ||    49
       Bite              ||    12
Armor: Scale mail        ||    12
Dodge: Dodged            ||     8
Block: Kite shield       ||    25
       Rpst.: Long sword ||     3
